Map: Oxide LE

Players

BaanVeredar - Winner!

  • Race: Protoss Protoss
  • Spawn Location: 7:00

Arekku

  • Race: Protoss Protoss
  • Spawn Location: 1:00

VOD

Have the link to the VOD?

Description

Time

  • Played on: Dec. 11, 2020, 1:13 a.m.
  • Length: 9:05
Show
View Real Time Build Order
Export as new Build Order

BaanVeredar Protoss - Winner!

Build Orders:  

Get SALT Encoding   

  12  0:01  Probe (Chrono Boost)  
  13  0:13  Probe (Chrono Boost)  
  14  0:20  Probe (Chrono Boost)  
  15  0:26  Pylon  
  15  0:36  Pylon  
  15  0:44  Probe  
  16  0:56  Assimilator, Probe  
  17  1:05  Forge  
  17  1:08  Probe  
  18  1:13  Gateway  
  18  1:36  Pylon  
  18  1:39  Pylon  
  18  1:52  Nexus  
  18  1:58  Probe  
  19  2:09  Assimilator  
  19  2:10  Probe  
  20  2:19  Photon Cannon  
  21  2:22  Probe  
  21  2:26  Photon Cannon  
  21  2:31  Zealot  
  23  2:44  Cybernetics Core  
  23  2:47  Probe (Chrono Boost)  
  24  2:58  Probe (Chrono Boost)  
  25  3:04  Probe (Chrono Boost)  
  25  3:05  Probe (Chrono Boost)  
  27  3:15  Probe (Chrono Boost)  
  27  3:17  Probe (Chrono Boost)  
  27  3:18  Zealot  
  31  3:21  Probe (Chrono Boost)  
  31  3:25  Probe (Chrono Boost)  
  33  3:34  Assimilator  
  34  3:36  Probe (Chrono Boost)  
  34  3:37  Probe (Chrono Boost)  
  34  3:38  Assimilator  
  34  3:41  Probe (Chrono Boost)  
  35  3:43  Probe  
  35  3:47  Photon Cannon  
  37  3:55  Probe  
  37  4:00  Twilight Council  
  38  4:08  Probe (Chrono Boost)  
  40  4:15  Probe (Chrono Boost)  
  40  4:16  Protoss Ground Weapons Level 1  
  40  4:19  Probe (Chrono Boost)  
  40  4:21  Stalker  
  40  4:23  Probe (Chrono Boost)  
  40  4:24  Probe (Chrono Boost)  
  45  4:34  Probe x2  
  47  4:46  Probe x2  
  49  4:55  Photon Cannon x2  
  49  4:57  Photon Cannon  
  49  4:58  Probe, Photon Cannon  
  49  4:59  Photon Cannon  
  50  5:01  Photon Cannon  
  50  5:09  Stargate  
  46  5:40  Photon Cannon  
  46  5:52  Stargate  
  46  5:54  Stargate  
  46  5:55  Stargate  
  46  6:08  Shield Battery  
  46  6:09  Shield Battery x2  
  46  6:14  Charge  
  46  7:10  Nexus  
  46  7:12  Assimilator  
  46  7:14  Assimilator  
  46  7:16  Void Ray x2 (Chrono Boost)  
  46  7:17  Void Ray (Chrono Boost)  
  46  7:18  Pylon x2  
  46  7:21  Pylon  
  46  7:22  Pylon  
  46  7:25  Fleet Beacon  
  58  7:43  Stalker  
  72  8:05  Photon Cannon  
  72  8:06  Photon Cannon  
  72  8:08  Photon Cannon  
  72  8:10  Photon Cannon  
  72  8:12  Photon Cannon  
  72  8:13  Stalker  
  74  8:26  Photon Cannon  
Show
View Real Time Build Order
Export as new Build Order

Arekku Protoss 

Build Orders:  

Get SALT Encoding   

  12  0:00  Probe (Chrono Boost)  
  13  0:10  Probe (Chrono Boost)  
  14  0:20  Pylon  
  14  0:26  Assimilator  
  14  0:31  Assimilator  
  14  0:33  Probe  
  15  0:45  Gateway  
  15  0:49  Probe  
  16  1:01  Probe  
  17  1:13  Probe  
  17  1:14  Pylon  
  18  1:24  Gateway  
  18  1:29  Probe  
  19  1:41  Probe  
  19  1:42  Cybernetics Core  
  20  2:05  Gateway  
  20  2:22  Pylon  
  20  2:23  Stalker  
  20  2:25  Warp Gate (Chrono Boost)  
  20  2:26  Stalker  
  24  2:45  Pylon  
  24  2:52  Probe  
  24  2:56  Stalker  
  27  3:00  Gateway  
  27  3:03  Stalker  
  27  3:05  Probe  
  30  3:11  Stalker  
  32  3:23  Probe  
  33  3:35  Pylon  
  33  3:36  Probe  
  34  3:54  Stalker  
  36  3:57  Stalker  
  36  4:00  Stalker  
  40  4:07  Stalker  
  42  4:22  Forge  
  28  4:51  Stalker  
  26  4:54  Stalker  
  26  4:57  Stalker  
  30  5:01  Stalker  
  24  5:41  Nexus  
  24  5:43  Probe  
  25  5:51  Pylon  
  25  5:56  Stalker  
  27  5:57  Stalker  
  27  5:58  Stalker  
  31  6:05  Stalker  
  33  6:33  Stalker  
  33  6:35  Stalker  
  33  6:37  Stalker  
  39  6:40  Stalker  
  41  6:58  Twilight Council  
  41  7:04  Probe  
  42  7:13  Pylon  
  42  7:16  Probe  
  42  7:19  Stalker  
  45  7:28  Probe  
  46  7:32  Stalker  
  48  7:37  Stalker  
  48  7:40  Probe  
  48  7:44  Stalker  
  53  7:52  Probe  
  54  7:59  Stalker  
  54  8:02  Stalker  
  58  8:06  Stalker  
  58  8:09  Stalker  
Tags
 
Matchup
PvP
Spawn Locations
Cross Positions
Add a new tag
Caveats
  • Supply blocks, unpowered buildings, or Contaminate may cause inaccurate times.
  • Supply counts are checked every 10 seconds.